 Dungeon Crawl Stone Soup version 0.28.0 (webtiles) character file.

Game seed: 5360619001796448152

0 croobank the Sneak (level 1, 0/10 HPs)
             Began as a Felid Delver on Feb 18, 2022.
             Slain by Jessica (2 damage)
             ... on level 3 of the Dungeon.
             The game lasted 00:01:12 (130 turns).

croobank the Sneak (Felid Delver)                    Turns: 130, Time: 00:01:13

Health: 0/10       AC:  1    Str:  8    XL:     1   Next: 8%
Magic:  2/2        EV: 17    Int: 11    God:
Gold:   0          SH:  0    Dex: 17    Spells: 0/0 levels left
                                        Lives:  0   Deaths: 0

rFire   . . .      SeeInvis +     - Unarmed
rCold   . . .      Faith    .   (shield unavailable)
rNeg    . . .      Spirit   .   (armour unavailable)
rPois   .          Reflect  .   (helmet unavailable)
rElec   .          Harm     .   (cloak unavailable)
rCorr   .          Rampage  .   (gloves unavailable)
Will    .....                   (boots unavailable)
Stlth   +++.......              (no amulet)
HPRegen 0.03/turn               (no ring)
MPRegen 0.08/turn               (no ring)

@: hasted, very quick
A: very small, claws 1, fangs 3, see invisible, speed 1, shaggy fur 1, stealthy
paws, no weapons or thrown items, no armour, multi-lived
a: no special abilities


You were on level 3 of the Dungeon.
You visited 1 branch of the dungeon, and saw 3 of its levels.

Inventory:

Wands
 e - a wand of digging (3)
Scrolls
 a - a scroll of fog
 b - a scroll of magic mapping
 g - a scroll of vulnerability {unknown}


   Skills:
 + Level 3.0 Fighting
 + Level 2.7 Dodging
 + Level 6.6 Stealth
 + Level 2.0 Unarmed Combat


You couldn't memorise any spells.
You didn't know any spells.
Your spell library was empty.

Dungeon Overview and Level Annotations

Branches:
Dungeon (5/15)
 Temple: D:4-7

Altars:

Annotations:
D:3 Jessica


Innate Abilities, Weirdness & Mutations

You have sharp claws.
You have razor-sharp teeth.
You have supernaturally acute eyesight. (SInv)
You cover ground quickly. (Speed+)
You are covered in fur. (AC +1)
Your paws help you pounce on unaware monsters.
You are incapable of wielding weapons or throwing items.
You cannot wear armour.
You gain extra lives every three experience levels.


Message History

A frilled lizard comes into view.
Jessica the Apprentice Sorceress comes into view.
She is wielding a +0 club.
A rat comes into view.
Jessica shouts!
The rat bites you.
You barely miss the rat. The rat closely misses you.
You barely miss the rat. Your bite misses the rat. The rat bites you.
Jessica mumbles some strange words.
Jessica blinks!
You scratch the rat.
The rat is moderately wounded.
The rat barely misses you. Jessica gestures at you while chanting.
Pain shoots through your body!
Ouch! That really hurt!
* * * LOW HITPOINT WARNING * * *
Okay, then.
As you read the scroll of fear, it crumbles to dust.
You assume a fearsome visage.
Jessica looks frightened!
The rat looks frightened!
Jessica mumbles some strange words.
Jessica blinks!
You scratch the rat but do no damage.
Your attack snaps the rat out of its fear.
The rat is moderately wounded.
The rat misses you.
You scratch the rat.
You kill the rat!
Found a stone staircase leading down.
A rat comes into view.
A rat comes into view.
You start resting.
Jessica is nearby!
Okay, then.
You feel yourself speed up.
Jessica gestures wildly while chanting.
Jessica blinks!
You barely miss Jessica. You closely miss Jessica.
Jessica hits you with a +0 club.
You die...

#>#.# #.# # #.#.#
#.# # #.#.# #.#
#.#.#####.#
######.#........
#.ยง............#
#.####.###.#####
#.# #.........
#@# ##.##.##..
#@# ###.##.##...
#.###........r..
#.....#.##.##..
#.#####.# .. #.#
#.. ..# #.# ####
## ... #..


You could see Jessica.

Vanquished Creatures
  A rat (D:3)
1 creature vanquished.

Notes
Turn   | Place    | Note
-------+----------+-------------------------------------------
     0 | D:5      | croobank the Felid Delver began the quest for the Orb.
     0 | D:5      | Reached XP level 1. HP: 10/10 MP: 2/2
    75 | D:3      | Noticed Jessica
   130 | D:3      | Slain by Jessica

Illustrated notes

Levels and vault maps discovered:
D:3:      layout_loops_ring, minmay_joined_circles, uniq_jessica
D:4:      gammafunk_cloud_chamber, layout_loops_corners,
          nicolae_gozag_seed_capital, uniq_natasha
D:5:      layout_loops_ring, kennysheep_mini, lemuel_doored_altar,
          grunt_qazlal_clouds, nicolae_tso_besieged_by_evil,
          mainiacjoe_overflow_catwalk, temple_hall, dk_rats_in_the_wall

Action                   || total
-------------------------++-------
Melee: Unarmed           ||     7
  Use: Scroll            ||     2
       Potion            ||     1
Dodge: Dodged            ||     3
